Map: New Gettysburg LE

Players

Nickos

  • Race: Terran Terran

NYK - Winner!

  • Race: Terran Terran

VOD

Have the link to the VOD?

Description

Time

  • Played on: Sept. 9, 2016, 3:57 a.m.
  • Length: 10:50
Show
View Real Time Build Order
Export as new Build Order

Nickos Terran 

Build Orders: Reaper Expand, MMM Bio 

Get SALT Encoding   

  12  0:02  SCV  
  13  0:14  SCV  
  13  0:19  Supply Depot  
  14  0:27  SCV  
  15  0:41  Barracks, SCV  
  16  0:45  Refinery  
  16  0:53  SCV  
  17  1:05  SCV  
  18  1:17  SCV  
  19  1:30  Orbital Command  
  19  1:32  Reaper  
  20  1:46  Command Center  
  20  1:55  SCV  
  21  2:02  Supply Depot  
  21  2:03  Marine  
  22  2:09  SCV  
  22  2:12  Barracks  
  23  2:20  Refinery  
  23  2:23  Barracks Reactor  
  23  2:24  SCV  
  24  2:30  Factory  
  23  2:37  SCV  
  23  2:49  SCV  
  23  3:01  Barracks Tech Lab, SCV, Marine x2  
  23  3:04  Orbital Command  
  25  3:19  Marine x2  
  26  3:26  Marine  
  26  3:29  SCV  
  26  3:34  Supply Depot  
  25  3:36  Marine  
  25  3:37  SCV  
  26  3:41  SCV  
  26  3:42  Factory Reactor  
  27  3:49  Starport  
  27  3:51  Marine x2  
  27  3:54  SCV  
  30  3:56  SCV  
  30  4:01  Stimpack  
  31  4:07  SCV  
  31  4:08  SCV  
  33  4:10  Marine x2  
  35  4:17  Marine  
  35  4:19  SCV  
  35  4:20  SCV  
  38  4:28  Marine  
  38  4:29  Marine  
  40  4:31  SCV  
  40  4:32  SCV  
  40  4:35  Marine  
  43  4:43  SCV  
  43  4:44  Medivac x2, SCV  
  49  4:50  Engineering Bay x2  
  49  4:52  Barracks  
  49  4:55  SCV  
  49  4:57  Supply Depot  
  49  5:00  SCV  
  49  5:01  Marine  
  49  5:03  Marine  
  52  5:10  Factory Tech Lab, SCV  
  52  5:12  SCV  
  54  5:18  Terran Infantry Weapons Level 1  
  54  5:19  Marauder  
  56  5:21  Terran Infantry Armor Level 1  
  56  5:28  Supply Depot  
  56  5:31  Supply Depot  
  56  5:38  Medivac  
  56  5:40  SCV x2  
  60  5:43  Marine x2  
  60  5:49  Missile Turret, Marine  
  62  5:52  SCV x2  
  65  5:57  Supply Depot  
  65  6:01  Armory  
  65  6:04  SCV x2  
  65  6:11  Missile Turret  
  67  6:14  Barracks Reactor  
  67  6:26  Marine x3  
  67  6:27  Siege Tank  
  73  6:33  SCV x2  
  75  6:41  Missile Turret  
  75  6:44  Supply Depot  
  75  6:45  SCV x2  
  77  6:52  Medivac  
  77  6:53  Command Center  
  79  6:57  SCV  
  79  7:01  SCV  
  81  7:02  Refinery  
  81  7:03  Marine  
  81  7:08  Siege Tank  
  85  7:09  SCV  
  85  7:12  Refinery  
  85  7:13  SCV  
  87  7:21  SCV  
  88  7:25  SCV  
  88  7:26  Medivac  
  91  7:33  SCV  
  92  7:43  SCV  
  93  7:45  Marine  
  93  7:50  Supply Depot  
  94  7:52  Marine x4  
  94  7:53  Terran Infantry Weapons Level 2, SCV  
  94  7:56  SCV  
  100  8:03  Liberator, Marine  
  100  8:05  SCV  
  102  8:11  SCV  
  103  8:17  SCV  
  104  8:23  SCV  
  108  8:28  Marine x4  
  108  8:43  Marine  
  108  8:45  Marine  
  108  8:46  Marine x3  
  106  8:49  Command Center  
  106  8:50  Medivac  
  108  8:56  Planetary Fortress, Barracks  
  108  8:57  Barracks  
  108  8:58  Barracks  
  108  9:01  Marine  
  108  9:02  Medivac  
  110  9:14  SCV x2  
  110  9:15  Marine  
  110  9:16  Marine x3  
  116  9:19  Medivac, Marine  
  116  9:21  Combat Shields  
  119  9:33  Marine  
  120  9:40  SCV x3  
  120  9:41  Marine x2  
  120  9:42  Marine x2  
  120  9:44  Medivac  
  129  9:46  Supply Depot  
  129  9:48  Supply Depot  
  129  9:49  Medivac  
  129  9:51  Barracks Tech Lab  
  129  9:52  Barracks Tech Lab x2  
  131  9:56  Supply Depot  
  131  9:59  Missile Turret  
  131  10:03  Marine x5  
  136  10:13  SCV x2  
  138  10:16  Marine  
  138  10:18  Marauder  
  138  10:19  Marauder  
  138  10:20  Marine  
  144  10:22  Marine x4  
  144  10:26  Refinery  
  144  10:28  Refinery  
  148  10:30  SCV x2  
  148  10:31  Barracks  
  148  10:33  Barracks  
Show
View Real Time Build Order
Export as new Build Order

NYK Terran - Winner!

Build Orders: Reaper Expand, MMM Bio 

Get SALT Encoding   

  12  0:00  SCV  
  13  0:13  SCV  
  14  0:20  Supply Depot  
  14  0:25  SCV  
  15  0:41  SCV  
  16  0:42  Barracks  
  16  0:45  Refinery  
  16  0:53  SCV  
  17  1:05  SCV  
  18  1:17  SCV  
  19  1:29  Reaper  
  19  1:30  Orbital Command  
  19  1:31  Supply Depot  
  20  1:55  Command Center  
  20  1:56  SCV  
  21  2:02  Marine  
  21  2:08  SCV  
  23  2:12  Refinery  
  23  2:20  SCV  
  24  2:29  Barracks Tech Lab  
  24  2:32  SCV  
  25  2:44  SCV  
  25  2:53  Marine  
  25  2:57  SCV  
  27  3:09  Orbital Command, Barracks, Factory  
  27  3:11  Marine  
  28  3:35  Orbital Command  
  27  3:54  Engineering Bay  
  28  3:55  Barracks, SCV  
  28  3:59  Factory  
  28  4:01  SCV  
  29  4:07  Factory Tech Lab, SCV  
  30  4:13  Starport, SCV  
  31  4:19  SCV  
  31  4:21  Stimpack  
  32  4:25  SCV  
  32  4:26  Bunker  
  32  4:30  Siege Tank  
  36  4:32  SCV  
  36  4:37  SCV  
  38  4:44  SCV  
  39  4:49  SCV  
  39  4:51  Refinery  
  39  4:52  Refinery  
  40  4:56  Factory Reactor, SCV  
  40  4:57  Starport Reactor, Supply Depot  
  40  4:58  Factory Tech Lab  
  41  5:01  SCV  
  41  5:03  Barracks Reactor x2  
  42  5:08  SCV  
  42  5:14  SCV  
  44  5:20  SCV  
  45  5:25  Engineering Bay  
  45  5:26  SCV  
  45  5:27  Barracks  
  46  5:30  Barracks  
  46  5:31  Barracks  
  46  5:32  SCV  
  47  5:36  Supply Depot  
  47  5:38  SCV  
  47  5:41  Engineering Bay  
  48  5:44  SCV  
  49  5:50  SCV  
  49  5:51  Medivac, Armory  
  49  5:52  Medivac  
  54  5:57  SCV, Marauder, Marine  
  54  5:59  Marine  
  59  6:08  SCV  
  59  6:09  Terran Infantry Weapons Level 1  
  59  6:10  Terran Infantry Armor Level 1  
  60  6:21  Combat Shields  
  60  6:33  Supply Depot  
  60  6:34  Supply Depot  
  60  6:36  Marine x2  
  60  6:37  Command Center  
  62  6:40  Barracks Reactor  
  62  6:43  Barracks Reactor  
  62  6:46  Barracks Reactor  
  62  6:54  Marine x5  
  62  6:55  Siege Tank  
  62  6:56  Siege Tank  
  73  7:11  Refinery  
  73  7:16  Refinery  
  73  7:24  Missile Turret  
  73  7:27  Siege Tank  
  76  7:35  Marauder  
  78  7:40  Missile Turret  
  78  7:43  Terran Vehicle And Ship Armor Level 1  
  78  7:48  Marine x10  
  78  7:49  Siege Tank  
  91  7:57  Orbital Command, Marauder  
  93  8:16  Supply Depot  
  93  8:19  Supply Depot  
  93  8:33  Supply Depot  
  93  8:38  SCV x2  
  85  8:50  SCV x2  
  85  8:53  Marine x4, Marauder  
  85  8:54  Orbital Command, Marine x2  
  95  9:02  SCV  
  96  9:06  Siege Tank  
  96  9:07  Medivac x2, Siege Tank  
  96  9:09  Marine x2  
  108  9:14  Marauder  
  110  9:18  Supply Depot  
  110  9:19  Supply Depot  
  110  9:26  SCV  
  110  9:27  SCV  
  110  9:28  SCV  
  113  9:37  Medivac x2  
  117  9:39  SCV x2, Marine x4  
  117  9:40  Marine x2  
  117  9:41  Marine  
  126  9:49  Marine x3  
  126  9:50  Marine  
  130  9:57  Marine x3  
  133  10:22  Marine  
  133  10:24  Supply Depot x2  
Tags
 
Add a new tag
Caveats
  • Supply blocks, unpowered buildings, or Contaminate may cause inaccurate times.
  • Supply counts are checked every 10 seconds.